 Dungeon Crawl Stone Soup version 0.31.0-11-ge490571c62 (webtiles) character file.

Game seed: 8684272330362439206

131 qw the Shooter (level 4, -4/22 HPs)
             Began as a Spriggan Hunter on Feb 3, 2024.
             Slain by Natasha (9 damage)
             ... on level 2 of the Dungeon.
             The game lasted 00:00:04 (771 turns).

qw the Shooter (Spriggan Hunter)                     Turns: 771, Time: 00:00:04

Health: -4/22      AC:  2    Str:  7    XL:     4   Next: 91%
Magic:  5/5        EV: 20    Int: 10    God:
Gold:   80         SH:  0    Dex: 20    Spells: 3/3 levels left

rFire   . . .        a - +0 shortbow
rCold   . . .        (shield currently unavailable)
rNeg    . . .        c - +0 robe
rPois   .            (helmet restricted)
rElec   .            (no cloak)
rCorr   .            (gloves unavailable)
SInv    +            (boots unavailable)
Will    .....        (no amulet)
Stlth   ++           (no ring)
HPRegen 0.23/turn    (no ring)
MPRegen 0.09/turn

%: no passive effects
@: very quick
A: very small, no large weapons, unfitting armour, see invisible, speed 3
a: no special abilities


You were on level 2 of the Dungeon.
You visited 1 branch of the dungeon, and saw 2 of its levels.

You collected 80 gold pieces.


Innate Abilities, Weirdness & Mutations

You are very small and have problems with some larger weapons.
You are too small for most types of armour.
You have supernaturally acute eyesight. (SInv)
You cover ground extremely quickly. (Speed+++)


   Skills:
 + Level 1.5 Fighting
 - Level 5.3 Ranged Weapons
 - Level 5.1 Dodging
 - Level 1.5 Stealth


You had 3 spell levels left.
You didn't know any spells.
Your spell library was empty.

Inventory:

Hand Weapons
 a - a +0 shortbow (weapon)
Armour
 c - a +0 robe (worn)
Scrolls
 b - a scroll of butterflies
 g - a scroll of enchant armour {unknown}
 j - a scroll of identify {unknown}
 l - 2 scrolls of amnesia {unknown}
 m - a scroll of teleportation {unknown}
Potions
 d - a potion of brilliance {unknown}
 e - 2 potions of mutation {unknown}
 f - a potion of curing {unknown}
 h - a potion of heal wounds {unknown}
 i - a potion of might {unknown}
 k - a potion of invisibility {unknown}

Dungeon Overview and Level Annotations

Branches:
Dungeon (1/15)

Altars:
Trog

Annotations:
D:2 Natasha


Message History

You open the door.
A quokka comes into view.
There is an open door here.
You shoot an arrow. The arrow hits the quokka.
The quokka is severely wounded.
You shoot an arrow. The arrow hits the quokka!
You kill the quokka!
l - 2 scrolls labelled ENNITH UTAKH (gained 1) Natasha, Servant of Life and Death comes into view.
Natasha hisses angrily.
Natasha casts a spell.
You shoot an arrow.
The arrow barely misses the cerulean imp.
You shoot an arrow. The arrow misses the cerulean imp.
The cerulean imp hits you from afar with a +1 spear.
Natasha stares at you and mumbles some strange words.
You easily resist.
You shoot an arrow. The arrow hits the cerulean imp.
The cerulean imp is lightly wounded.
A kobold comes into view. It is wielding a +0 mace.
The cerulean imp hits you from afar with a +1 spear.
You shoot an arrow. The kobold shouts!
The arrow hits Natasha.
Natasha is moderately wounded.
Natasha closely misses you.
The cerulean imp hits you from afar with a +1 spear.
Natasha completely misses you.
You shoot an arrow. The arrow barely misses Natasha.
The cerulean imp barely misses you. Natasha misses you.
The cerulean imp completely misses you.
You shoot an arrow. The arrow barely misses Natasha.
Natasha mumbles some strange words.
Natasha's front paws start to glow.
Natasha claws you.
The cerulean imp hits you but does no damage.
You shoot an arrow. The arrow misses Natasha.
Natasha claws you!
You die...
Natasha begins licking her fur clean.

...........#### #.....
..............# .....
............#.##..#
............#.....#
......>....####.#### ##.
.....)).......%.#.. ....
######'#'#####..#.#K....
#.### #..#h5.#### #.#
##.@....... ######'###
#.##.####. .).....).#
#.. # .........# ####
.........## #########
..........### #.......#
............# #.......#
.........##.# #.......#
.........##.###
#.......#


You could see Natasha, a cerulean imp (summoned) and a kobold.

Vanquished Creatures
  Terence (D:2)
  Natasha (twice) (D:2)
  An adder (D:2)
  A dart slug (D:2)
  A ribbon worm (D:2)
  4 bats
  7 endoplasms
  2 giant cockroaches (D:1)
  3 goblins
  3 hobgoblins
  4 jackals (D:1)
  2 quokkas (D:2)
  A ball python (D:1)
  4 frilled lizards
  5 kobolds (D:1)
  4 rats (D:1)
45 creatures vanquished.

Notes
Turn   | Place    | Note
-------+----------+-------------------------------------------
     0 | D:1      | qw the Spriggan Hunter began the quest for the Orb.
     0 | D:1      | Reached XP level 1. HP: 10/10 MP: 2/2
     0 | D:1      | 0 ||| qw: Version: 0.3-a-157-g843a77d
     0 | D:1      | 0 ||| qw: Game counter: 3912
     0 | D:1      | 0 ||| qw: Melee chars always use a shield: true
     0 | D:1      | 0 ||| qw: God list: Okawaru
     0 | D:1      | 0 ||| qw: Allow faded altars: false
     0 | D:1      | 0 ||| qw: Do Orc after clearing Dungeon:15 true
     0 | D:1      | 0 ||| qw: Do second Lair branch before Depths: true
     0 | D:1      | 0 ||| qw: Lair rune preference: random
     0 | D:1      | 0 ||| qw: Goals: Normal
     0 | D:1      | 0 ||| PLANNING D:1-11
    21 | D:1      | Reached skill level 3 in Dodging
    82 | D:1      | Reached XP level 2. HP: 14/14 MP: 3/3
   201 | D:1      | 201 ||| RETREEEEATING.
   202 | D:1      | 202 ||| RETREEEEATING.
   356 | D:1      | Reached XP level 3. HP: 18/18 MP: 4/4
   456 | D:1      | You fall into a shaft and drop 1 floor!
   499 | D:2      | Found a bloodstained altar of Trog.
   511 | D:2      | Noticed Natasha
   513 | D:2      | Killed Natasha
   513 | D:2      | Noticed Natasha
   517 | D:2      | Killed Natasha
   518 | D:2      | Reached XP level 4. HP: 22/22 MP: 5/5
   695 | D:2      | Noticed Terence
   707 | D:2      | Killed Terence
   764 | D:2      | Noticed Natasha
   770 | D:2      | HP: 5/22 [Natasha (6)]
   771 | D:2      | Slain by Natasha

Levels and vault maps discovered:
D:1:      mrwooster_arrival_statue_2, layout_loops_cross, st_stairs_7,
          fountainhead, minivault_25
D:2:      layout_basic, basic_altar, uniq_terence, uniq_crazy_yiuf_cottage,
          uniq_natasha

Skill      XL: |  1  2  3  4 |
---------------+-------------+-----
Dodging        | 3 4 5 |  5.1
Ranged Weapons | 5 |  5.3
Fighting       | |  1.5
Stealth        | |  1.5

Action                     |  1- 3 |  4- 6 || total
---------------------------+-------+-------++-------
   Fire: Shortbow          |    81 |    37 ||   118
 Armour: Robe              |     2 |     8 ||    10
  Dodge: Dodged            |    35 |    14 ||    49

Table legend:
 A = Non-vault XP
 B = Vault XP
 C = Vault XP percentage of total XP
 D = Non-vault monster count
 E = Vault monster count
 F = Vault count percentage of total count
                 A         B        C        D         E       F
            +---------+---------+-------+---------+---------+-------
      Total |     117 |      71 |  37.8 |      42 |       3 |   6.7
            +---------+---------+-------+---------+---------+-------
        D:1 |      46 |       2 |   4.2 |      29 |       1 |   3.3
        D:2 |      71 |      69 |  49.3 |      13 |       2 |  13.3
            +---------+---------+-------+---------+---------+-------
